Map: Ascension to Aiur LE

Players

Boo

  • Race: Zerg Zerg
  • Spawn Location: 11:00

JonSnow - Winner!

  • Race: Zerg Zerg
  • Spawn Location: 5:00

Event: WCS Montreal 2017

VOD

Have the link to the VOD?

Description

Time

  • Played on: Sept. 8, 2017, 11:18 a.m.
  • Length: 5:44

All games in this series

Show
View Real Time Build Order
Export as new Build Order

Boo Zerg 

Build Orders: Hatch First 

Get SALT Encoding   

  12  0:01  Drone  
  13  0:18  Overlord  
  13  0:21  Drone  
  14  0:37  Drone x2  
  16  0:44  Drone  
  17  0:55  Hatchery  
  16  0:58  Drone  
  16  1:02  Drone  
  18  1:05  Extractor  
  17  1:21  Spawning Pool  
  17  1:23  Drone  
  18  1:25  Drone  
  18  1:37  Drone  
  19  1:45  Overlord  
  19  2:07  Queen  
  19  2:08  Queen, Zergling x4  
  23  2:09  Zergling x2  
  23  2:14  Metabolic Boost  
  26  2:18  Drone  
  26  2:22  Drone  
  28  2:29  Baneling Nest  
  27  2:32  Drone  
  27  2:35  Drone  
  29  2:41  Drone  
  30  2:47  Overlord  
  30  2:55  Drone x2  
  30  3:06  Drone x2  
  32  3:17  Zergling x8  
  36  3:22  Hatchery  
  36  3:25  Zergling x2  
  36  3:29  Zergling x2  
  37  3:38  Baneling  
  37  3:45  Zergling x10  
  42  3:53  Baneling  
  42  3:54  Baneling  
  42  3:57  Zergling x4  
  42  4:02  Overlord x2  
  42  4:21  Zergling x12  
  42  4:22  Zergling x4  
  43  4:30  Drone  
  37  4:41  Zergling x2  
  37  4:45  Baneling x3  
  37  4:50  Zergling x12  
  43  4:59  Zergling x6  
  43  5:07  Zergling x10  
  43  5:13  Zergling x4  
  33  5:23  Zergling x6  
Show
View Real Time Build Order
Export as new Build Order

JonSnow Zerg - Winner!

Build Orders: Hatch First, Zergling Baneling 

Get SALT Encoding   

  12  0:00  Drone  
  13  0:12  Overlord  
  13  0:18  Drone  
  14  0:31  Drone x2  
  14  0:34  Drone  
  17  0:54  Hatchery  
  17  0:56  Drone  
  17  0:58  Drone  
  18  1:09  Extractor  
  17  1:15  Spawning Pool  
  17  1:17  Drone  
  17  1:32  Overlord  
  17  1:33  Drone  
  17  1:38  Drone  
  19  2:03  Queen  
  19  2:04  Zergling x4  
  19  2:05  Queen  
  19  2:06  Zergling x2  
  26  2:13  Metabolic Boost  
  26  2:15  Drone  
  27  2:17  Drone  
  28  2:27  Drone  
  29  2:31  Drone  
  29  2:32  Drone  
  31  2:37  Baneling Nest  
  31  2:40  Drone  
  31  2:43  Drone  
  32  2:50  Drone  
  33  2:58  Drone  
  33  3:03  Hatchery  
  32  3:09  Drone x2  
  32  3:12  Drone  
  35  3:13  Overlord  
  35  3:22  Zergling x2  
  36  3:33  Zergling x12  
  42  3:41  Baneling x4  
  42  3:44  Zergling x2  
  42  3:46  Overlord  
  43  3:50  Drone  
  44  3:57  Baneling  
  44  3:58  Baneling x2  
  44  4:00  Overlord  
  44  4:09  Overlord  
  43  4:22  Zergling x24  
  54  4:26  Queen, Drone  
  54  4:28  Drone x2  
  57  4:43  Baneling x4  
  57  4:44  Zergling x6  
  57  4:45  Baneling x2  
  57  4:55  Zergling x6  
  60  5:03  Zergling x14  
  60  5:05  Baneling  
  66  5:08  Zergling x4  
  66  5:13  Zergling x2  
  62  5:18  Zergling x2  
  61  5:23  Zergling x4  
  61  5:24  Baneling x2  
Tags
 
Add a new tag
Caveats
  • Supply blocks, unpowered buildings, or Contaminate may cause inaccurate times.
  • Supply counts are checked every 10 seconds.